General information
- name: BNet
- type: Ladder team game (AT/RT)
- host: Battle.net
- saver: MomoiroOmnio
map: MarketSquare
- players: 8
- length: 16:56
- speed: Fast
- version: 1.26 W3XP
- replay type: Public
» download(116 KB)
Players
team 1 (loser)

»
RENELANDER (
teal | 59 APM | 958 actions | 16:06)
2 Keeper of the Grove
1 Entangling Roots
1 Force of Nature
» actions
| Basic commands | 7 | |
| Build / train | 41 | |
| ESC pressed | 4 | |
| Enter build submenu | 19 | |
| Enter hero's abilities submenu | 2 | |
| Right click | 659 | |
| Select / deselect | 182 | |
| Use ability | 44 | |
958 total
» units
| Wisp | 14 | |
| Archer | 11 | |
| Huntress | 7 | |
| Glaive Thrower | 1 | |
33 total
» upgrades
| Moon Armor | 1 | |
| Strength of the Moon | 1 | |
| Ultravision | 1 | |
| Improved Bows | 1 | |
4 total
» buildings
| Moon Well | 5 | |
| Altar of Elders | 2 | |
| Ancient of War | 3 | |
| Hunter's Hall | 1 | |
| Ancient Protector | 3 | |
| Tree of Ages | 1 | |
| Ancient of Wind | 1 | |
16 total
» build order
00:24 Moon Well
00:39 Altar of Elders
00:43 Moon Well
01:01 Ancient of War
01:22 Altar of Elders
01:32 Ancient of War
01:58 Moon Well
03:44 Hunter's Hall
04:56 Moon Well
07:29 Ancient Protector
07:32 Ancient Protector
08:47 Ancient Protector
08:52 Ancient of War
08:58 Moon Well
12:38 Tree of Ages
15:34 Ancient of Wind

»
purplrainbow (
orange | 22 APM | 354 actions | 16:02)
2 Crypt Lord
1 Spiked Carapace
1 Carrion Beetles
1 Dreadlord
1 Sleep
» actions
| Basic commands | 9 | |
| Build / train | 32 | |
| ESC pressed | 4 | |
| Enter build submenu | 9 | |
| Enter hero's abilities submenu | 3 | |
| Right click | 127 | |
| Select / deselect | 148 | |
| Use ability | 22 | |
354 total
» units
| Acolyte | 2 | |
| Ghoul | 5 | |
| Crypt Fiend | 12 | |
19 total
» upgrades
| Unholy Armor | 1 | |
| Web | 1 | |
| Burrow | 1 | |
| Creature Carapace | 1 | |
4 total
» buildings
| Ziggurat | 5 | |
| Altar of Darkness | 1 | |
| Graveyard | 1 | |
| Crypt | 2 | |
| Nerubian Tower | 3 | |
| Halls of the Dead | 1 | |
13 total
» build order
00:10 Ziggurat
00:18 Altar of Darkness
00:24 Graveyard
00:59 Crypt
02:21 Nerubian Tower
03:45 Crypt
05:03 Ziggurat
06:01 Nerubian Tower
06:56 Ziggurat
08:31 Halls of the Dead
09:17 Ziggurat
10:00 Ziggurat
12:14 Nerubian Tower
xXBEARXx (
red | 35 APM | 585 actions | 16:55)
5 Paladin
2 Divine Shield
2 Holy Light
1 Devotion Aura
» actions
| Basic commands | 49 | |
| Build / train | 56 | |
| ESC pressed | 4 | |
| Enter build submenu | 28 | |
| Enter hero's abilities submenu | 5 | |
| Right click | 214 | |
| Select / deselect | 183 | |
| Use ability | 46 | |
585 total
» units
| Peasant | 7 | |
| Footman | 11 | |
| Knight | 8 | |
| Priest | 8 | |
| Rifleman | 1 | |
| Sorceress | 1 | |
36 total
» upgrades
| Animal War Training | 1 | |
| Priest Training | 2 | |
| Swords | 1 | |
| Plating | 1 | |
5 total
» buildings
| Lumber Mill | 1 | |
| Altar of Kings | 1 | |
| Farm | 11 | |
| Barracks | 1 | |
| Keep | 1 | |
| Scout Tower | 13 | |
| Castle | 1 | |
| Arcane Sanctum | 1 | |
| Guard Tower | 6 | |
| Blacksmith | 1 | |
37 total
» build order
00:09 Lumber Mill
00:15 Altar of Kings
00:34 Farm
01:38 Farm
01:55 Barracks
02:21 Farm
03:04 Farm
03:26 Farm
03:27 Farm
04:23 Farm
04:29 Keep
05:36 Farm
06:39 Scout Tower
06:40 Scout Tower
07:47 Scout Tower
07:48 Scout Tower
07:51 Castle
07:54 Arcane Sanctum
07:59 Guard Tower
08:54 Guard Tower
09:01 Blacksmith
10:00 Scout Tower
10:02 Scout Tower
10:05 Scout Tower
10:06 Scout Tower
10:07 Scout Tower
10:39 Farm
10:42 Farm
11:36 Guard Tower
11:38 Scout Tower
11:52 Farm
12:18 Guard Tower
12:20 Scout Tower
12:22 Scout Tower
13:29 Guard Tower
13:32 Scout Tower
15:22 Guard Tower

»
michael. (
purple | 74 APM | 1170 actions | 15:44)
2 Blademaster
1 Wind Walk
1 Critical Strike
» actions
| Assign group hotkey | 49 | |
| Basic commands | 28 | |
| Build / train | 39 | |
| ESC pressed | 2 | |
| Enter build submenu | 13 | |
| Enter hero's abilities submenu | 2 | |
| Remove unit from queue | 1 | |
| Right click | 536 | |
| Select / deselect | 259 | |
| Select group hotkey | 193 | |
| Use ability | 48 | |
1170 total
» units
» upgrades
| Armor | 2 | |
| Ranged Weapons | 2 | |
| Berserker Strength | 1 | |
| Melee Weapons | 0 | |
| Burning Oil | 1 | |
| Reinforced Defenses | 1 | |
7 total
» buildings
| Altar of Storms | 1 | |
| Orc Burrow | 6 | |
| Barracks | 2 | |
| War Mill | 1 | |
| Stronghold | 1 | |
| Watch Tower | 1 | |
| Fortress | 1 | |
| Voodoo Lounge | 1 | |
14 total
» build order
00:11 Altar of Storms
00:13 Orc Burrow
02:24 Barracks
02:28 War Mill
02:29 Orc Burrow
03:24 Orc Burrow
03:36 Orc Burrow
04:31 Stronghold
04:35 Watch Tower
06:01 Orc Burrow
06:04 Barracks
07:40 Fortress
11:17 Voodoo Lounge
13:30 Orc Burrow
team 2 (winner)

»
Glourt (
pink | 80 APM | 1351 actions | 16:55)
5 Blademaster
3 Wind Walk
2 Critical Strike
4 Shadow Hunter
2 Hex
2 Healing Wave
2 Dark Ranger
1 Black Arrow
1 Silence
» actions
| Assign group hotkey | 7 | |
| Basic commands | 9 | |
| Build / train | 63 | |
| Enter build submenu | 10 | |
| Enter hero's abilities submenu | 12 | |
| Give item / drop item | 1 | |
| Right click | 904 | |
| Select / deselect | 271 | |
| Select group hotkey | 6 | |
| Use ability | 68 | |
1351 total
» units
» upgrades
| Ranged Weapons | 2 | |
| Armor | 1 | |
| Envenomed Spears | 1 | |
4 total
» buildings
| Orc Burrow | 4 | |
| Altar of Storms | 1 | |
| Barracks | 1 | |
| War Mill | 1 | |
| Voodoo Lounge | 1 | |
| Stronghold | 2 | |
| Beastiary | 2 | |
| Fortress | 1 | |
13 total
» build order
00:05 Orc Burrow
00:09 Altar of Storms
00:28 Barracks
02:00 Orc Burrow
02:10 War Mill
02:29 Voodoo Lounge
03:45 Stronghold
03:45 Stronghold
04:30 Orc Burrow
06:13 Beastiary
06:15 Beastiary
08:39 Fortress
08:40 Orc Burrow
» items
| Potion of Healing | 2 | |
| Lesser Clarity Potion | 1 | |
| Orb of Venom | 2 | |
5 total

»
Haeder (
yellow | 38 APM | 640 actions | 16:55)
4 Keeper of the Grove
2 Force of Nature
2 Entangling Roots
» actions
| Build / train | 73 | |
| Enter build submenu | 23 | |
| Enter hero's abilities submenu | 4 | |
| Remove unit from queue | 1 | |
| Right click | 247 | |
| Select / deselect | 249 | |
| Use ability | 43 | |
640 total
» units
» upgrades
| Strength of the Moon | 1 | |
| Moon Armor | 1 | |
| Strength of the Wild | 3 | |
| Reinforced Hides | 3 | |
| Improved Bows | 1 | |
| Corrosive Breath | 1 | |
| Marksmanship | 1 | |
11 total
» buildings
| Altar of Elders | 1 | |
| Ancient of War | 2 | |
| Moon Well | 8 | |
| Tree of Life | 1 | |
| Hunter's Hall | 1 | |
| Tree of Ages | 1 | |
| Tree of Eternity | 1 | |
| Ancient of Wind | 1 | |
| Ancient of Wonders | 1 | |
| Ancient Protector | 4 | |
| Chimaera Roost | 3 | |
24 total
» build order
01:00 Altar of Elders
01:10 Ancient of War
01:14 Moon Well
01:20 Tree of Life
01:32 Moon Well
02:30 Ancient of War
03:05 Hunter's Hall
04:16 Moon Well
05:24 Tree of Ages
07:47 Tree of Eternity
07:51 Ancient of Wind
08:05 Ancient of Wonders
08:32 Ancient Protector
08:36 Ancient Protector
08:49 Ancient Protector
09:07 Ancient Protector
10:13 Chimaera Roost
10:15 Chimaera Roost
10:15 Chimaera Roost
12:28 Moon Well
12:30 Moon Well
12:32 Moon Well
13:35 Moon Well
13:36 Moon Well
» items
| Potion of Mana | 2 | |
| Potion of Healing | 2 | |
| Scroll of Town Portal | 2 | |
6 total
humansucks (
green | 98 APM | 1651 actions | 16:55)
3 Archmage
2 Summon Water Elemental
1 Brilliance Aura
3 Mountain King
2 Storm Bolt
1 Bash
» actions
| Assign group hotkey | 43 | |
| Basic commands | 6 | |
| Build / train | 57 | |
| Enter build submenu | 31 | |
| Enter hero's abilities submenu | 6 | |
| Remove unit from queue | 1 | |
| Right click | 667 | |
| Select / deselect | 269 | |
| Select group hotkey | 511 | |
| Use ability | 60 | |
1651 total
» units
| Peasant | 13 | |
| Footman | 6 | |
| Rifleman | 12 | |
| Mortar Team | 7 | |
38 total
» upgrades
| Lumber Harvesting | 1 | |
| Long Rifles | 1 | |
2 total
» buildings
| Altar of Kings | 1 | |
| Barracks | 2 | |
| Farm | 10 | |
| Scout Tower | 10 | |
| Lumber Mill | 1 | |
| Arcane Tower | 2 | |
| Keep | 1 | |
| Guard Tower | 5 | |
| Blacksmith | 1 | |
| Arcane Vault | 1 | |
| Town Hall | 2 | |
| Workshop | 1 | |
37 total
» build order
00:25 Altar of Kings
00:34 Barracks
00:39 Farm
00:49 Farm
01:48 Farm
01:52 Farm
02:34 Scout Tower
02:48 Lumber Mill
02:53 Scout Tower
03:12 Arcane Tower
03:17 Farm
03:41 Keep
04:33 Guard Tower
04:36 Scout Tower
05:27 Blacksmith
05:28 Guard Tower
05:32 Barracks
05:59 Arcane Vault
07:58 Farm
08:22 Town Hall
08:23 Scout Tower
08:23 Scout Tower
08:31 Farm
08:53 Scout Tower
08:56 Guard Tower
09:05 Farm
09:17 Scout Tower
09:21 Arcane Tower
10:54 Workshop
11:00 Guard Tower
11:08 Farm
12:04 Town Hall
13:10 Farm
13:45 Scout Tower
13:50 Scout Tower
15:53 Scout Tower
15:57 Guard Tower
MomoiroOmnio (
blue | 17 APM | 280 actions | 16:56)
» actions
| Right click | 178 | |
| Select / deselect | 100 | |
| Use ability | 2 | |
280 total
Chat log
(00:05 / Allies) Haeder: fuck you blue
(00:12 / Allies) Glourt: ?
(00:16 / Allies) Glourt: you rushing?
(00:19 / Allies) Glourt: tower rush?
(00:24 / Allies) MomoiroOmnio: if ud
(00:25 / Allies) MomoiroOmnio: base
(00:26 / Allies) MomoiroOmnio: yes
(00:29 / Allies) Haeder: do you have down syndrome?
(00:31 / All) xXBEARXx: not drunk enough
(00:34 / Allies) Glourt: just og next fast
(00:36 / All) xXBEARXx: But i ran outa beer
(00:49 / Allies) Glourt: or just keep harsing
(00:58 / Allies) Glourt: taht could work
(00:59 / Allies) Glourt: keep it up
(01:12 / All) xXBEARXx: Mom
(01:17 / All) xXBEARXx: You still a religious freak?
(01:21 / Allies) Glourt: wow
(01:23 / All) xXBEARXx: cause guess what buddy
(01:25 / Allies) Glourt: jsut keep doing it
(01:25 / All) xXBEARXx: God doesnt care
(01:51 / Allies) Glourt: he is really low on money
(01:53 / Allies) Glourt: send hero asap
(02:37 / Allies) Haeder: green go
(02:40 / Allies) Haeder: to teal
(02:43 / Allies) humansucks: k
(03:00 / Allies) MomoiroOmnio: low wisps
(03:01 / Allies) MomoiroOmnio: here
(03:02 / Allies) MomoiroOmnio: hp
(03:04 / Allies) MomoiroOmnio: on hp
(03:50 / Allies) Glourt: repair
(03:57 / Allies) Glourt: targetr that bitch hero
(04:12 / All) Glourt: tp lol for leve one
(04:15 / Allies) MomoiroOmnio: now go!
(04:19 / Allies) MomoiroOmnio: go get them!
(04:36 / Allies) MomoiroOmnio: we got this
(04:38 / Allies) MomoiroOmnio: though
(04:56 / All) MomoiroOmnio: did not expected that
(05:00 / All) MomoiroOmnio: did you guys?
(05:07 / All) xXBEARXx: Shut up you religious idiot
(05:09 / All) MomoiroOmnio: now get owned!
(05:25 / All) xXBEARXx: Vanity, God would not be proud
(05:42 / All) MomoiroOmnio: and I am not religious
(05:52 / All) MomoiroOmnio: Jesus Christ is not religious
(05:55 / All) MomoiroOmnio: He is God
(06:04 / All) MomoiroOmnio: and that is Who I believe in...
(06:11 / All) MomoiroOmnio: if you don't
(06:13 / All) xXBEARXx: You're a fool
(06:16 / All) xXBEARXx: Vanity is a sin
(06:19 / All) MomoiroOmnio: you go to hell when you die
(06:34 / All) MomoiroOmnio: believe on Christ and in Christ
(06:38 / All) MomoiroOmnio: and you will be saved
(06:40 / All) MomoiroOmnio: from hell
(06:50 / All) xXBEARXx: I need no saving
(06:53 / All) xXBEARXx: I am already a demon
(06:59 / All) MomoiroOmnio: hell is a real place
(07:06 / All) MomoiroOmnio: you do not want to joke around with that
(07:18 / All) MomoiroOmnio: hell is eternal lake of fire
(07:18 / All) xXBEARXx: My life is a world of shit, fool, i do not joke
(07:22 / All) MomoiroOmnio: all suffering there
(07:25 / Allies) Haeder: b
(07:26 / All) xXBEARXx: I know what it is
(07:28 / Allies) Haeder: green hit top
(07:28 / Allies) Haeder: now
(07:30 / All) MomoiroOmnio: all burning and no water
(07:31 / All) xXBEARXx: I live there
(08:10 / All) MomoiroOmnio: thanks for the level up
(08:12 / All) MomoiroOmnio: fool!
(08:49 / Allies) Glourt: ew need helahh
(09:01 / All) MomoiroOmnio: we got better heroes on our team
(09:13 / All) Glourt: maybe bigger pussies
(09:15 / All) xXBEARXx: Vanity is a sin
(09:27 / All) MomoiroOmnio: I'm a born again Christian
(09:33 / All) xXBEARXx: Too fucking bad
(09:36 / All) xXBEARXx: You better go repent
(09:36 / All) MomoiroOmnio: once saved is forever saved
(09:40 / Allies) Glourt: lets go now yellow
(09:46 / All) xXBEARXx: haha, THAT IS NOT HOW IT WORKS. Fool
(09:47 / All) MomoiroOmnio: born again Christians are saved
(09:51 / Allies) Glourt: mabe not
(09:55 / All) xXBEARXx: Just because you are "saved" does not mean you are immune to all
(09:58 / All) MomoiroOmnio: are you Bear_and?
(10:07 / Allies) Glourt: yellow we can eakt
(10:40 / Allies) Haeder: b
(11:22 / All) MomoiroOmnio: we still got you guys owned
(11:25 / All) MomoiroOmnio: and you know it!
(11:47 / All) MomoiroOmnio: that initial preemptive strike was awesome, wasn't it?
(11:51 / Allies) MomoiroOmnio: kill towers
(11:52 / Allies) MomoiroOmnio: NOW
(11:58 / All) xXBEARXx: Quiet, Sinner.
(11:59 / Allies) MomoiroOmnio: wow
(12:02 / All) xXBEARXx: You are going to hell
(12:29 / Allies) Glourt: you need tro do soemothign green
(12:30 / Allies) MomoiroOmnio: it's no point talking to that guy
(12:40 / Allies) humansucks: i do alot
(12:43 / Allies) humansucks: make army
(12:45 / Allies) humansucks: n kill
(12:48 / Allies) Haeder: theres 3 down here
(12:49 / Allies) humansucks: towered
(13:16 / Allies) Haeder: stay back pink
(13:34 / All) MomoiroOmnio: too much exp feed
(13:43 / All) MomoiroOmnio: tell your undead ally he likes to blow...
(13:45 / All) MomoiroOmnio: please...
(13:49 / All) MomoiroOmnio: I urge you guys...
(13:59 / All) xXBEARXx: Be quiet, imbecile
(14:20 / All) MomoiroOmnio: this is over...
(14:29 / All) MomoiroOmnio: and I'm going to save this replay too
(14:38 / All) xXBEARXx: Good maybe u can learn from it
(14:42 / All) MomoiroOmnio: worth saving this...
(15:04 / All) MomoiroOmnio: ud keeps feeding...
(15:06 / All) MomoiroOmnio: more exp
(15:12 / All) MomoiroOmnio: keep it up...
(15:12 / Allies) Glourt: lets go
(15:28 / Allies) Glourt: eyllwo pay atteingo
(15:37 / All) michael.: well gg
(15:40 / All) michael.: teal is sitting on 2k gold
(15:41 / Allies) MomoiroOmnio: blizzard here
(15:48 / Allies) MomoiroOmnio: or ground attack
(15:54 / Allies) Glourt: hero
(16:13 / Allies) Glourt: b
(16:20 / All) MomoiroOmnio: big typer...
(16:23 / All) MomoiroOmnio: of a loser...
(16:34 / All) MomoiroOmnio: if you want victory in your life
(16:37 / All) MomoiroOmnio: real life victory
(16:39 / All) xXBEARXx: Enjoy hell buddy, At least I embrace it
(16:43 / All) MomoiroOmnio: ask God Jesus Christ
(16:44 / All) MomoiroOmnio: for it
(16:45 / All) xXBEARXx: I will be the torcherer
(16:48 / All) xXBEARXx: And you
(16:49 / All) xXBEARXx: The victim